 Dungeon Crawl Stone Soup version 0.29-a0-275-g389c0b56f3 (webtiles) character file.

Game seed: 10947166632533474026

1024 HotDog the Slasher (level 8, -6/68 HPs)
             Began as a Minotaur Fighter on Mar 11, 2022.
             Mangled by an unseen horror (7 damage)
             ... on level 5 of the Dungeon.
             The game lasted 00:07:37 (6879 turns).

HotDog the Slasher (Minotaur Fighter)               Turns: 6879, Time: 00:07:38

Health: -6/68      AC: 11    Str: 24 (25) XL:     8   Next: 2%
Magic:  9/9        EV: 10    Int:  3 (5)  God:
Gold:   193        SH:  4    Dex:  8 (11) Spells: 7/7 levels left

rFire   . . .      SeeInvis .   a - +0 long sword
rCold   . . .      Faith    .   c - +0 buckler
rNeg    + . .      Spirit   .   b - +0 scale mail
rPois   .          Reflect  .   (helmet restricted)
rElec   .          Harm     .   (no cloak)
rCorr   .          Rampage  .   e - +3 pair of gloves "Gawoyle" {Str+3}
Will    .....                   (no boots)
Stlth   ..........              f - amulet of the acrobat
HPRegen 0.21/turn               j - ring of positive energy
MPRegen 0.11/turn               (no ring)

@: flying
A: horns 2, retaliatory headbutt
a: no special abilities


You were on level 5 of the Dungeon.
You visited 1 branch of the dungeon, and saw 5 of its levels.

You collected 193 gold pieces.

Inventory:

Hand Weapons
 a - a +0 long sword (weapon)
Missiles
 s - a throwing net (quivered)
Armour
 b - a +0 scale mail (worn)
 c - a +0 buckler (worn)
 e - the +3 pair of gloves "Gawoyle" (worn) {Str+3}
   (You acquired it on level 2 of the Dungeon)

   Str:       It affects your strength (+3).
Jewellery
 f - an amulet of the acrobat (around neck)
 h - an amulet of magic regeneration
 j - a ring of positive energy (left hand)
 l - a ring of ice
 r - a +6 ring of strength
Wands
 m - a wand of polymorph (21)
Scrolls
 k - 4 scrolls of teleportation
 n - a scroll of enchant armour
 o - a scroll of fear {unknown}
 p - 2 scrolls of identify
 q - a scroll of vulnerability {unknown}
 t - a scroll of fog {unknown}
Potions
 d - a potion of might
 i - a potion of haste


   Skills:
 * Level 5.2 Fighting
 * Level 6.6 Long Blades
 * Level 6.1 Armour
 * Level 2.9 Dodging
 * Level 5.3 Shields
 + Level 0.1 Unarmed Combat
 * Level 3.1 Invocations


You had 7 spell levels left.
You didn't know any spells.
Your spell library contained the following spells:

 Spells                   Type           Power      Damage    Failure   Level
 Confusing Touch          Hex            0%         N/A       99%         3
 Gell's Gravitas          Tloc           0%         N/A       99%         3
 Lesser Beckoning         Tloc           0%         N/A       99%         3
 Teleport Other           Tloc           0%         N/A       99%         3
 Summon Ice Beast         Ice/Summ       0%         N/A       100%        4
 Summon Mana Viper        Hex/Summ       0%         N/A       100%        5
 Yara's Violent Unravell  Hex/Tmut       0%         3d3       100%        5
 Enfeeble                 Hex            0%         N/A       100%        7
 Monstrous Menagerie      Summ           0%         N/A       100%        7


Dungeon Overview and Level Annotations

Branches:
Dungeon (5/15)
 Temple: D:4-7

Altars:

Shops:
D:2 :   D:4 *

Annotations:
D:3 1 runed translucent door, Grinder; Pinguinius's ghost, amateur DsAK


Innate Abilities, Weirdness & Mutations

You have a pair of horns on your head.
You reflexively headbutt those who attack you in melee.


Message History

You hit something but do no damage. Something hits you but does no damage.
You hit something. Something hits you. Something hits you but does no damage.
You barely miss something. You headbutt something.
Something hits you but does no damage.
You hit something but do no damage. Your headbutt misses something.
Something hits you. Something hits you but does no damage.
Something barely misses you. Something hits you but does no damage.
Something misses you.
You start resting.
Something hits you but does no damage. Something barely misses you.
You start resting.
Something completely misses you.
You barely miss something. Something hits you.
Something hits you but does no damage. You block something's attack.
You hit something.
Something hits you but does no damage. x2
You closely miss something. Your headbutt misses something.
Something hits you but does no damage.
You slash something! You headbutt something. Something hits you!
* * * LOW HITPOINT WARNING * * *
Something hits you.
* * * LOW HITPOINT WARNING * * *
You hit something but do no damage.
Something hits you but does no damage. x2
You hit something. Something hits you.
* * * LOW HITPOINT WARNING * * *
You miss something. Something hits you but does no damage. Something hits you.
* * * LOW HITPOINT WARNING * * *
Something hits you but does no damage. Something hits you!
* * * LOW HITPOINT WARNING * * *
Something closely misses you.
It was a potion of flight.
You feel very buoyant.
You fly up into the air.
Something hits you.
* * * LOW HITPOINT WARNING * * *
Something hits you but does no damage.
It was a potion of degeneration.
There was something very wrong with that liquid.
You feel weakened.
You feel dopey.
You feel clumsy. Something hits you!
You die...

#.#...<...........
#.######..###....)
########..# #.####
#####....##...# #.# #.
#[?#.####.###.# #.# #.
#..#.# #.###.###.###.
#..###.#
#.##...#...##. #
#.####.#...........
##@#..###...#......
#.#..# ##.##......
#.#'#####.....#...
#.#....'..........
#....##.88.#.....<....
##### #.88.##.########
#.# #....##.#
#.###########.#
#.#.....# #.#


There were no monsters in sight!

Vanquished Creatures
  An ogre (D:5)
  3 necrophages (D:4)
  4 scorpions
  A gnoll sergeant (D:4)
  A howler monkey (D:3)
  A jelly (D:5)
  A hound (D:5)
  An orc priest (D:4)
  4 iguanas
  10 gnolls
  3 adders (D:4)
  A white imp (D:5)
  2 worms (D:2)
  A dart slug (D:2)
  11 orcs
  8 ball pythons
  5 bats
  8 endoplasms
  6 goblins
  2 hobgoblins (D:1)
  8 jackals
  A quokka (D:2)
  9 kobolds
  5 rats (D:1)
97 creatures vanquished.

Notes
Turn   | Place    | Note
-------+----------+-------------------------------------------
     0 | D:1      | HotDog the Minotaur Fighter began the quest for the Orb.
     0 | D:1      | Reached XP level 1. HP: 19/19 MP: 0/0
   137 | D:1      | Reached XP level 2. HP: 23/27 MP: 1/1
   671 | D:1      | Found a faded altar of an unknown god.
   967 | D:1      | Reached XP level 3. HP: 33/33 MP: 2/2
  1262 | D:2      | Found Mimp's Book Emporium.
  1420 | D:2      | Reached skill level 1 in Dodging
  1747 | D:2      | Identified a scroll of acquirement
  1753 | D:2      | Acquired the +3 pair of gloves "Gawoyle" {Str+3}
  1791 | D:3      | Found a runed translucent door.
  1791 | D:3      | Noticed Pinguinius's ghost (amateur DsAK)
  1852 | D:3      | Noticed Grinder
  1873 | D:3      | Reached skill level 1 in Invocations
  1873 | D:3      | Reached XP level 4. HP: 22/40 MP: 3/3
  2945 | D:4      | Noticed a necrophage
  2966 | D:4      | Killed a necrophage
  2967 | D:4      | Reached XP level 5. HP: 40/46 MP: 3/5
  3089 | D:4      | Found Ytoa's Fire Supplies.
  3226 | D:4      | Reached XP level 6. HP: 47/53 MP: 6/6
  3347 | D:4      | Reached skill level 5 in Armour
  4146 | D:5      | Entered Level 5 of the Dungeon
  4920 | D:4      | Reached skill level 5 in Long Blades
  5407 | D:4      | Reached skill level 5 in Shields
  5411 | D:4      | Reached XP level 7. HP: 40/60 MP: 7/7
  5661 | D:4      | Reached skill level 5 in Fighting
  6528 | D:5      | Reached XP level 8. HP: 30/68 MP: 9/9
  6878 | D:5      | HP: 1/68 [something (4)]
  6879 | D:5      | Mangled by an unseen horror

Illustrated notes

Levels and vault maps discovered:
D:1:      onia_arrival_handbag, layout_loops_cross,
          shapermc_ecumenical_altar_flowoftime
D:2:      layout_basic, serial_shops, shop
D:3:      layout_rooms, hellmonk_ghost_happy_afterlife, uniq_grinder
D:4:      layout_basic, nicolae_shop_fire_sale [nicolae_sub_dead_trees],
          bh_walls_and_bars
D:5:      minmay_chambers_of_fours, layout_loops_ring

Skill      XL: |  1  2  3  4  5  6  7 |
---------------+----------------------+-----
Shields        | 4 5 |  5.3
Long Blades    | 3 4 5 6 |  6.6
Fighting       | 4 5 |  5.2
Armour         | 4 5 6 |  6.1
Dodging        | 1 2 |  2.9
Invocations    | 1 2 3 |  3.1
Unarmed Combat | |  0.1

Action                   |  1- 3 |  4- 6 |  7- 9 || total
-------------------------+-------+-------+-------++-------
Melee: Long sword        |   104 |   108 |    89 ||   301
       Headbutt          |    14 |    15 |    25 ||    54
       Unarmed           |       |       |     7 ||     7
  Use: Scroll            |     5 |       |       ||     5
       Potion            |       |     1 |     2 ||     3
Armor: Scale mail        |    50 |    53 |    50 ||   153
Dodge: Dodged            |    75 |    99 |    62 ||   236
Block: Buckler           |    32 |    43 |    32 ||   107

Table legend: (Time is in decaauts)
 A = Elapsed time spent in this place.
 B = Non-inter-level travel time spent in this place.
 C = Inter-level travel time spent in this place.
 D = Time resting spent in this place.
 E = Time spent auto-exploring this place.
 F = Levels seen in this place.
 G = Mean time per level.
                   A        B        C        D        E       F      G
               +--------+--------+--------+--------+--------+-----+--------+
         Total |   6941 |   6644 |    297 |   2302 |   3469 |   5 | 1388.2 |
       Dungeon |   6941 |   6644 |    297 |   2302 |   3469 |   5 | 1388.2 |
               +--------+--------+--------+--------+--------+-----+--------+

Top non-repeatable levels by time:
     D:4: 3202 daAuts
     D:2: 1259 daAuts
     D:5: 1181 daAuts
     D:1: 1103 daAuts
     D:3: 195 daAuts
